Calgary Flames vs Vancouver Canucks
Created - Monday, April 24, 2023 at 11:28
Goals
|
| Calgary Flames |
0 |
1 |
3 |
1 |
5 |
| Vancouver Canucks |
0 |
3 |
1 |
0 |
4 |
|
Shots
|
| Calgary Flames |
4 |
14 |
13 |
3 |
34 |
| Vancouver Canucks |
8 |
20 |
6 |
2 |
36 |
|
1st period
No Goal
Penalties :
Mikko Rantanen (VAN) for Roughing (Minor) at 9:23, Garnet Hathaway (CGY) for Slashing (Minor) at 13:10
2nd period
1. Vancouver Canucks , Aleksander Barkov 14 (Mikko Rantanen 16, Clayton Keller 25) at 3:28
2. Vancouver Canucks , Jesperi Kotkaniemi 2 (Alex Formenton 4, Casey Mittelstadt 2) at 4:57
3. Vancouver Canucks , Alex Formenton 4 (Noah Hanifin 10, Jesperi Kotkaniemi 7) at 6:08
4. Calgary Flames , Joel Eriksson Ek 9 (Logan Couture 12, Kris Russell 9) at 18:41
Penalties :
Nathan Smith (VAN) for Holding (Minor) at 10:51
3rd period
5. Vancouver Canucks , Nathan Smith 4 (Kasperi Kapanen 4, Nikita Zadorov 3) at 1:36
6. Calgary Flames , Sebastian Aho 13 (Valeri Nichushkin 20) at 2:52
7. Calgary Flames , Garnet Hathaway 4 (Nic Dowd 4, Timo Meier 14) at 6:28
8. Calgary Flames , Jeff Petry 1 (Valeri Nichushkin 21, J.T. Miller 22) at 19:40 (PP)
Penalties :
Noah Hanifin (VAN) for Holding (Minor) at 4:15, Nikita Zadorov (VAN) for Unsportsmanlike conduct (Minor) at 8:36, Ryan Ellis (CGY) for Roughing (Minor) at 16:34, Alex Formenton (VAN) for Tripping (Minor) at 19:01
Overtime #1
9. Calgary Flames , Jeff Petry 2 (Timo Meier 15, Logan Couture 13) at 2:42
Penalties :
No Penalty
Goalie Stats
Thatcher Demko (CGY), 32 saves from 36 shots - (0.889), W, 15-9-3, 62:16 minutes
Joonas Korpisalo (VAN), 29 saves from 34 shots - (0.853), OTL, 5-7-5, 62:42 minutes
Players Stats for Calgary Flames
Player Name G A P +/- PIM S H SB GA TA FO MP PP MP PK MP
------------------------------------------------------------------------------------
Drew Doughty 0 0 0 -1 0 2 1 1 0 1 0/0 26:59 4:17 3:04
Garnet Hathaway 1 0 1 0 2 3 2 0 0 0 0/0 8:39 0:00 0:00
J.T. Miller 0 1 1 -1 0 2 1 1 0 1 11/21 18:47 4:18 0:00
Jeff Petry 2 0 2 -1 0 3 1 1 0 0 0/0 26:59 4:17 3:04
Joel Eriksson Ek 1 0 1 1 0 2 2 0 0 0 3/8 16:37 4:17 0:00
Kris Russell 0 1 1 2 0 1 0 1 0 0 0/0 14:40 0:00 0:00
Logan Couture 0 2 2 2 0 5 4 0 0 1 10/17 18:33 4:18 2:47
Mathieu Joseph 0 0 0 1 0 1 1 0 1 0 0/0 12:08 0:00 0:57
Max Pacioretty 0 0 0 -1 0 1 0 0 0 0 0/5 16:16 0:13 0:00
Nic Dowd 0 1 1 0 0 0 1 0 1 0 3/5 8:57 0:00 0:24
Oskar Lindblom 0 0 0 0 0 0 0 0 0 0 0/0 8:33 0:00 0:00
Ryan Ellis 0 0 0 -1 2 1 1 2 0 0 0/0 19:53 4:18 0:00
Ryan McDonagh 0 0 0 2 0 1 0 0 0 0 0/0 16:02 0:00 0:54
Sebastian Aho 1 0 1 -1 0 4 1 1 0 0 7/12 14:39 0:00 0:57
Timo Meier 0 2 2 0 0 6 3 0 0 0 2/2 19:52 4:17 0:00
Travis Sanheim 0 0 0 -1 0 0 1 1 0 1 0/0 21:03 4:18 0:54
Valeri Nichushkin 0 2 2 -1 0 2 3 0 2 0 0/1 17:26 4:12 0:00
Zach Hyman 0 0 0 -1 0 0 2 0 1 0 0/1 20:45 4:10 2:51
Players Stats for Vancouver Canucks
Player Name G A P +/- PIM S H SB GA TA FO MP PP MP PK MP
------------------------------------------------------------------------------------
Adam Boqvist 0 0 0 0 0 2 0 0 0 0 0/0 15:46 2:06 1:46
Aleksander Barkov 1 0 1 0 0 3 3 0 1 1 18/38 24:14 1:52 2:52
Alex Formenton 1 1 2 1 2 3 1 1 0 0 0/0 16:38 2:06 3:57
Anton Lundell 0 0 0 -1 0 3 3 0 0 1 7/17 19:36 2:06 4:22
Artturi Lehkonen 0 0 0 -1 0 5 1 0 0 0 0/0 12:29 0:00 0:00
Casey Mittelstadt 0 1 1 1 0 1 0 0 0 0 1/1 13:00 0:00 2:19
Clayton Keller 0 1 1 1 0 5 2 1 1 0 2/4 22:42 1:52 2:01
Jacob Bryson 0 0 0 1 0 3 0 0 0 1 0/0 12:19 0:00 0:01
Jesperi Kotkaniemi 1 1 2 1 0 3 0 0 0 0 6/9 11:26 0:00 1:39
Kasperi Kapanen 0 1 1 0 0 1 0 0 0 0 0/0 8:56 2:06 0:00
Mikko Rantanen 0 1 1 0 2 2 2 1 2 0 1/1 21:14 1:52 0:00
Miro Heiskanen 0 0 0 -1 0 0 0 1 0 2 0/0 26:58 1:52 5:18
Nathan Smith 1 0 1 0 2 1 0 0 0 0 1/2 6:50 0:00 0:00
Nikita Zadorov 0 1 1 0 2 3 2 0 0 0 0/0 20:51 0:00 2:37
Noah Hanifin 0 1 1 0 2 0 2 1 0 0 0/0 28:01 2:06 2:35
Olli Maatta 0 0 0 0 0 0 0 2 0 0 0/0 21:53 1:52 4:53
Sam Lafferty 0 0 0 -1 0 1 2 0 0 0 0/0 12:29 0:00 0:00
Taylor Raddysh 0 0 0 0 0 0 1 0 0 0 0/0 6:46 0:00 0:00
3 Stars
1 - Logan Couture (CGY)
2 - Jeff Petry (CGY)
3 - Jesperi Kotkaniemi (VAN)
Power Play
Calgary Flames - 1 on 5 Attempt(s) - 20.00%
Vancouver Canucks - 0 on 2 Attempt(s) - 0.00%
Penalty Kill
Calgary Flames - 2 on 2 Attempt(s) - 100.00%
- Score 0 goal in Penalty Kill
Vancouver Canucks - 4 on 5 Attempt(s) - 80.00%
- Score 0 goal in Penalty Kill
Team Stat
Calgary Flames - Hits : 24 - Faceoff Wins : 36 - Blocked Shots : 8 - Penalty Minutes : 4
Vancouver Canucks - Hits : 19 - Faceoff Wins : 36 - Blocked Shots : 7 - Penalty Minutes : 10
Official
Referees : Kelly Sutherland and Gord Dwyer
Linesman : Michel Cormier and John Grandt
Game Notes
No Game Note
Finance
Level 1 -- Attendance: 4556 (75.93%) -- Ticket Income $451,044
Level 2 -- Attendance: 3512 (70.24%) -- Ticket Income $207,208
Level 3 -- Attendance: 2593 (86.43%) -- Ticket Income $88,162
Level 4 -- Attendance: 3841 (76.82%) -- Ticket Income $92,184
Luxury Box -- Attendance: 771 (77.10%) -- Ticket Income $153,429
Game was played at the American Airlines Center.
Total Attendance: 15273 (76.37%)
Total Ticket Income: $992,027
Other Income: $347,209
Total Income: $1,339,236
Calgary Flames
5 vs 5 Forward
Center Left Wing Right Wing Time % Phy DF OF
1 J.T. Miller Max Pacioretty Timo Meier 34 0 0 5
2 Sebastian Aho Zach Hyman Valeri Nichushkin 33 0 0 5
3 Logan Couture Mathieu Joseph Joel Eriksson Ek 25 0 2 3
4 Nic Dowd Oskar Lindblom Garnet Hathaway 8 1 3 1
5 vs 5 Defense
Defense Defense Time % Phy DF OF
1 Drew Doughty Jeff Petry 30 0 3 2
2 Travis Sanheim Ryan Ellis 30 0 3 2
3 Ryan McDonagh Kris Russell 30 0 3 2
4 Drew Doughty Jeff Petry 10 0 3 2
PowerPlay Forward
Center Left Wing Right Wing Time % Phy DF OF
1 J.T. Miller Logan Couture Valeri Nichushkin 50 0 0 5
2 Joel Eriksson Ek Timo Meier Zach Hyman 50 0 0 5
PowerPlay Defense
Defense Defense Time % Phy DF OF
1 Drew Doughty Jeff Petry 50 0 2 3
2 Travis Sanheim Ryan Ellis 50 0 2 3
Penalty Kill 4 Players Forward
Center Wing Time % Phy DF OF
1 Logan Couture Zach Hyman 60 0 4 1
2 Sebastian Aho Mathieu Joseph 40 0 4 1
Penalty Kill 4 Players Defense
Defense Defense Time % Phy DF OF
1 Drew Doughty Jeff Petry 60 1 2 2
2 Travis Sanheim Ryan McDonagh 40 1 2 2
Penalty Kill - 3 Players Forward
Forward Time % Phy DF OF
1 Nic Dowd 60 0 5 0
2 Logan Couture 40 0 5 0
Penalty Kill - 3 Players Defense
Defense Defense Time % Phy DF OF
1 Drew Doughty Jeff Petry 60 1 2 2
2 Travis Sanheim Ryan McDonagh 40 1 2 2
4 vs 4 Forward
Center Wing Time % Phy DF OF
1 Joel Eriksson Ek Max Pacioretty 60 1 2 2
2 Logan Couture Timo Meier 40 1 2 2
4 vs 4 Defense
Defense Defense Time % Phy DF OF
1 Drew Doughty Jeff Petry 60 1 2 2
2 Travis Sanheim Ryan Ellis 40 1 2 2
Last Minutes Offensive
Center Left Wing Right Wing Defense Defense
J.T. Miller Sebastian Aho Zach Hyman Drew Doughty Jeff Petry
Last Minutes Defensive
Center Left Wing Right Wing Defense Defense
J.T. Miller Sebastian Aho Logan Couture Drew Doughty Ryan McDonagh
Goaltenders
Starting : Thatcher Demko
Backup : Sam Montembeault
Extra Forwards
Normal : Max Pacioretty, Mathieu Joseph, Timo Meier - PP : Max Pacioretty, Mathieu Joseph - PK : Nic Dowd
Extra Defensemen
Normal : Ryan McDonagh, Kris Russell, Travis Sanheim - PP : Ryan McDonagh - PK : Kris Russell, Travis Sanheim
Penalty Shots
J.T. Miller, Sebastian Aho, Valeri Nichushkin, Max Pacioretty, Joel Eriksson Ek
Vancouver Canucks
5 vs 5 Forward
Center Left Wing Right Wing Time % Phy DF OF
1 Aleksander Barkov Clayton Keller Mikko Rantanen 40 1 2 2
2 Anton Lundell Sam Lafferty Artturi Lehkonen 30 1 2 2
3 Jesperi Kotkaniemi Alex Formenton Casey Mittelstadt 20 1 2 2
4 Nathan Smith Kasperi Kapanen Taylor Raddysh 10 1 2 2
5 vs 5 Defense
Defense Defense Time % Phy DF OF
1 Miro Heiskanen Noah Hanifin 40 1 2 2
2 Nikita Zadorov Olli Maatta 30 1 2 2
3 Jacob Bryson Adam Boqvist 20 1 2 2
4 Nikita Zadorov Noah Hanifin 10 1 2 2
PowerPlay Forward
Center Left Wing Right Wing Time % Phy DF OF
1 Aleksander Barkov Clayton Keller Mikko Rantanen 60 1 2 2
2 Anton Lundell Kasperi Kapanen Alex Formenton 40 1 2 2
PowerPlay Defense
Defense Defense Time % Phy DF OF
1 Adam Boqvist Noah Hanifin 60 1 2 2
2 Olli Maatta Miro Heiskanen 40 1 2 2
Penalty Kill 4 Players Forward
Center Wing Time % Phy DF OF
1 Anton Lundell Alex Formenton 60 1 2 2
2 Aleksander Barkov Clayton Keller 40 1 2 2
Penalty Kill 4 Players Defense
Defense Defense Time % Phy DF OF
1 Miro Heiskanen Olli Maatta 60 1 2 2
2 Noah Hanifin Nikita Zadorov 40 1 2 2
Penalty Kill - 3 Players Forward
Forward Time % Phy DF OF
1 Anton Lundell 60 1 2 2
2 Aleksander Barkov 40 1 2 2
Penalty Kill - 3 Players Defense
Defense Defense Time % Phy DF OF
1 Miro Heiskanen Olli Maatta 60 1 2 2
2 Noah Hanifin Adam Boqvist 40 1 2 2
4 vs 4 Forward
Center Wing Time % Phy DF OF
1 Aleksander Barkov Mikko Rantanen 60 1 2 2
2 Anton Lundell Clayton Keller 40 1 2 2
4 vs 4 Defense
Defense Defense Time % Phy DF OF
1 Nikita Zadorov Noah Hanifin 60 1 2 2
2 Miro Heiskanen Adam Boqvist 40 1 2 2
Last Minutes Offensive
Center Left Wing Right Wing Defense Defense
Aleksander Barkov Clayton Keller Mikko Rantanen Miro Heiskanen Noah Hanifin
Last Minutes Defensive
Center Left Wing Right Wing Defense Defense
Anton Lundell Alex Formenton Clayton Keller Miro Heiskanen Olli Maatta
Goaltenders
Starting : Joonas Korpisalo
Backup : Ville Husso
Extra Forwards
Normal : Aleksander Barkov, Mikko Rantanen, Clayton Keller - PP : Aleksander Barkov, Kasperi Kapanen - PK : Aleksander Barkov
Extra Defensemen
Normal : Nikita Zadorov, Noah Hanifin, Miro Heiskanen - PP : Adam Boqvist - PK : Olli Maatta, Miro Heiskanen
Penalty Shots
Aleksander Barkov, Mikko Rantanen, Anton Lundell, Clayton Keller, Miro Heiskanen
% Time on Ice - Calgary Flames
Lines # - Real PCT - Wanted PCT - Time Play
Normal Forward
1 - 31% - 34% - 14:31
2 - 29% - 33% - 13:35
3 - 22% - 25% - 10:33
4 - 18% - 8% - 8:33
Normal Defense
1 - 31% - 30% - 14:42
2 - 31% - 30% - 14:51
3 - 31% - 30% - 14:40
4 - 6% - 10% - 2:59
PP Forward
1 - 50% - 50% - 4:18
2 - 50% - 50% - 4:17
PP Defense
1 - 50% - 50% - 4:17
2 - 50% - 50% - 4:18
PK Forward
1 - 76% - 60% - 3:01
2 - 24% - 40% - 0:57
PK Defense
1 - 77% - 60% - 3:04
2 - 23% - 40% - 0:54
PK3 Forward
1 - 0% - 60%
2 - 0% - 40%
PK3 Defense
1 - 0% - 60%
2 - 0% - 40%
44 Forward
1 - 70% - 60% - 1:54
2 - 30% - 40% - 0:48
44 Defense
1 - 63% - 60% - 1:42
2 - 37% - 40% - 1:00
Last Minute Offensive - 0:15
Last Minute Defensive - 0:00
Total
Forward - 62:42
Defense - 62:42
|
% Time on Ice - Vancouver Canucks
Lines # - Real PCT - Wanted PCT - Time Play
Normal Forward
1 - 38% - 40% - 18:05
2 - 27% - 30% - 12:34
3 - 21% - 20% - 9:47
4 - 14% - 10% - 6:46
Normal Defense
1 - 40% - 40% - 18:39
2 - 31% - 30% - 14:43
3 - 23% - 20% - 10:39
4 - 7% - 10% - 3:11
PP Forward
1 - 47% - 60% - 1:52
2 - 53% - 40% - 2:06
PP Defense
1 - 53% - 60% - 2:06
2 - 47% - 40% - 1:52
PK Forward
1 - 77% - 60% - 6:34
2 - 23% - 40% - 2:01
PK Defense
1 - 56% - 60% - 4:50
2 - 44% - 40% - 3:45
PK3 Forward
1 - 0% - 60%
2 - 0% - 40%
PK3 Defense
1 - 0% - 60%
2 - 0% - 40%
44 Forward
1 - 100% - 60% - 2:42
2 - 0% - 40% - 0:00
44 Defense
1 - 62% - 60% - 1:40
2 - 38% - 40% - 1:02
Last Minute Offensive - 0:00
Last Minute Defensive - 0:15
Total
Forward - 62:42
Defense - 62:42
|
Play-by-Play
1st period
0:01 of 1st period - J.T. Miller wins face-off versus Clayton Keller in neutral zone.
1:49 of 1st period - Wrist shot by Anton Lundell.
1:49 of 1st period - Stopped by Thatcher Demko with a rebound.
2:22 of 1st period - Slapshot by Anton Lundell.
2:22 of 1st period - Shot Misses the Net.
2:24 of 1st period - Slapshot by Noah Hanifin.
2:24 of 1st period - Shot Misses the Net.
3:42 of 1st period - Noah Hanifin is hit by Zach Hyman.
3:54 of 1st period - Snap shot by Artturi Lehkonen.
3:54 of 1st period - Stopped by Thatcher Demko with a rebound.
3:56 of 1st period - Snap shot by Sam Lafferty.
3:56 of 1st period - Stopped by Thatcher Demko with a rebound.
4:19 of 1st period - Miro Heiskanen is hit by Zach Hyman and loses puck.
4:28 of 1st period - Snap shot by Artturi Lehkonen.
4:28 of 1st period - Stopped by Thatcher Demko without a rebound.
4:29 of 1st period - J.T. Miller wins face-off versus Aleksander Barkov in Calgary Flames zone.
5:40 of 1st period - Snap shot by Timo Meier.
5:40 of 1st period - Stopped by Joonas Korpisalo without a rebound.
5:41 of 1st period - J.T. Miller wins face-off versus Aleksander Barkov in Vancouver Canucks zone.
5:42 of 1st period - Snap shot by Timo Meier.
5:42 of 1st period - Stopped by Joonas Korpisalo without a rebound.
5:43 of 1st period - J.T. Miller wins face-off versus Aleksander Barkov in Vancouver Canucks zone.
5:46 of 1st period - Wrist shot by Max Pacioretty.
5:46 of 1st period - Deflect By Clayton Keller.
5:46 of 1st period - Stopped by Joonas Korpisalo with a rebound.
5:56 of 1st period - Snap shot by Clayton Keller.
5:56 of 1st period - Shot Misses the Net.
6:34 of 1st period - Off-side.
6:35 of 1st period - Nic Dowd wins face-off versus Aleksander Barkov in neutral zone.
6:38 of 1st period - Jacob Bryson is hit by Garnet Hathaway and loses puck.
6:57 of 1st period - Slapshot by Nic Dowd.
6:57 of 1st period - Shot Blocked by Clayton Keller.
7:07 of 1st period - Mikko Rantanen is hit by Garnet Hathaway.
7:21 of 1st period - Snap shot by Clayton Keller.
7:21 of 1st period - Stopped by Thatcher Demko with a rebound.
7:25 of 1st period - Slapshot by Aleksander Barkov.
7:25 of 1st period - Shot Blocked by Ryan Ellis.
7:27 of 1st period - Slapshot by Nikita Zadorov.
7:27 of 1st period - Stopped by Thatcher Demko without a rebound.
7:28 of 1st period - Jesperi Kotkaniemi wins face-off versus J.T. Miller in Calgary Flames zone.
7:53 of 1st period - Kasperi Kapanen is hit by Logan Couture and loses puck.
9:04 of 1st period - Icing by Alex Formenton.
9:05 of 1st period - Aleksander Barkov wins face-off versus Logan Couture in Vancouver Canucks zone.
9:12 of 1st period - Joel Eriksson Ek is hit by Nikita Zadorov and loses puck.
9:23 of 1st period - Minor Penalty to Mikko Rantanen for Roughing.
9:24 of 1st period - Anton Lundell wins face-off versus Joel Eriksson Ek in Vancouver Canucks zone.
9:35 of 1st period - Wrist shot by Timo Meier.
9:35 of 1st period - Shot Misses the Net.
11:08 of 1st period - Alex Formenton is hit by Logan Couture and loses puck.
11:23 of 1st period - Penalty to Mikko Rantanen is over, Mikko Rantanen is back on ice.
11:42 of 1st period - Icing by Ryan Ellis.
11:43 of 1st period - Aleksander Barkov wins face-off versus Nic Dowd in Calgary Flames zone.
13:08 of 1st period - Snap shot by Clayton Keller.
13:08 of 1st period - Shot Blocked by Travis Sanheim.
13:10 of 1st period - Minor Penalty to Garnet Hathaway for Slashing.
13:11 of 1st period - Logan Couture wins face-off versus Anton Lundell in Calgary Flames zone.
13:21 of 1st period - Off-side.
13:22 of 1st period - Anton Lundell wins face-off versus Logan Couture in neutral zone.
13:27 of 1st period - Jeff Petry is hit by Alex Formenton and loses puck.
13:51 of 1st period - Icing by Anton Lundell.
13:52 of 1st period - Logan Couture wins face-off versus Anton Lundell in Vancouver Canucks zone.
14:06 of 1st period - Icing by Clayton Keller.
14:07 of 1st period - Aleksander Barkov wins face-off versus Sebastian Aho in Vancouver Canucks zone.
14:28 of 1st period - Anton Lundell is hit by Logan Couture and loses puck.
14:35 of 1st period - Jeff Petry is hit by Anton Lundell and loses puck.
15:10 of 1st period - Penalty to Garnet Hathaway is over, Garnet Hathaway is back on ice.
15:28 of 1st period - Snap shot by Timo Meier.
15:28 of 1st period - Shot Blocked by Noah Hanifin.
15:30 of 1st period - Snap shot by Ryan McDonagh.
15:30 of 1st period - Stopped by Joonas Korpisalo with a rebound.
15:32 of 1st period - Slapshot by Travis Sanheim.
15:32 of 1st period - Shot Blocked by Alex Formenton.
16:00 of 1st period - Kris Russell is hit by Anton Lundell and loses puck.
16:15 of 1st period - Snap shot by Logan Couture.
16:15 of 1st period - Shot Misses the Net.
16:24 of 1st period - Icing by Adam Boqvist.
16:25 of 1st period - Nathan Smith wins face-off versus Max Pacioretty in Vancouver Canucks zone.
16:32 of 1st period - Wrist shot by Clayton Keller.
16:32 of 1st period - Stopped by Thatcher Demko without a rebound.
16:33 of 1st period - Aleksander Barkov wins face-off versus J.T. Miller in Calgary Flames zone.
16:41 of 1st period - Icing by Drew Doughty.
16:42 of 1st period - Aleksander Barkov wins face-off versus J.T. Miller in Calgary Flames zone.
17:35 of 1st period - Snap shot by Joel Eriksson Ek.
17:35 of 1st period - Shot Misses the Net.
18:15 of 1st period - Nic Dowd is hit by Mikko Rantanen and loses puck.
18:36 of 1st period - Slapshot by Casey Mittelstadt.
18:36 of 1st period - Shot Misses the Net.
18:44 of 1st period - Alex Formenton is hit by Logan Couture and loses puck.
18:55 of 1st period - Travis Sanheim is hit by Sam Lafferty and loses puck.
19:16 of 1st period - Snap shot by Nathan Smith.
19:16 of 1st period - Shot Hit the Post.
19:18 of 1st period - Slapshot by Adam Boqvist.
19:18 of 1st period - Shot Misses the Net.
19:20 of 1st period - Slapshot by Jacob Bryson.
19:20 of 1st period - Stopped by Thatcher Demko without a rebound.
19:21 of 1st period - Logan Couture wins face-off versus Aleksander Barkov in Calgary Flames zone.
Goals for this period are 0 for Calgary Flames vs 0 for Vancouver Canucks.
Shots for this period are 4 for Calgary Flames vs 8 for Vancouver Canucks.
2nd period
0:01 of 2nd period - Aleksander Barkov wins face-off versus J.T. Miller in neutral zone.
0:14 of 2nd period - Snap shot by Clayton Keller.
0:14 of 2nd period - Shot Misses the Net.
0:34 of 2nd period - Mathieu Joseph is hit by Noah Hanifin and loses puck.
0:51 of 2nd period - Snap shot by Anton Lundell.
0:51 of 2nd period - Stopped by Thatcher Demko without a rebound.
0:52 of 2nd period - Anton Lundell wins face-off versus Zach Hyman in Calgary Flames zone.
0:55 of 2nd period - Snap shot by Artturi Lehkonen.
0:55 of 2nd period - Shot Blocked by Sebastian Aho.
1:03 of 2nd period - Slapshot by Anton Lundell.
1:03 of 2nd period - Shot Blocked by Drew Doughty.
1:38 of 2nd period - Wrist shot by Max Pacioretty.
1:38 of 2nd period - Deflect By J.T. Miller.
1:38 of 2nd period - Stopped by Joonas Korpisalo without a rebound.
1:39 of 2nd period - Jesperi Kotkaniemi wins face-off versus J.T. Miller in Vancouver Canucks zone.
1:50 of 2nd period - Wrist shot by Jesperi Kotkaniemi.
1:50 of 2nd period - Shot Blocked by J.T. Miller.
1:52 of 2nd period - Snap shot by Alex Formenton.
1:52 of 2nd period - Stopped by Thatcher Demko with a rebound.
1:54 of 2nd period - Snap shot by Alex Formenton.
1:54 of 2nd period - Shot Misses the Net.
2:25 of 2nd period - Wrist shot by Garnet Hathaway.
2:25 of 2nd period - Stopped by Joonas Korpisalo with a rebound.
2:33 of 2nd period - Slapshot by Garnet Hathaway.
2:33 of 2nd period - Shot Misses the Net.
2:51 of 2nd period - Wrist shot by Sebastian Aho.
2:51 of 2nd period - Stopped by Joonas Korpisalo with a rebound.
2:53 of 2nd period - Slapshot by Kris Russell.
2:53 of 2nd period - Stopped by Joonas Korpisalo without a rebound.
2:54 of 2nd period - Timo Meier wins face-off versus Aleksander Barkov in Vancouver Canucks zone.
2:59 of 2nd period - Slapshot by Timo Meier.
2:59 of 2nd period - Stopped by Joonas Korpisalo without a rebound.
3:00 of 2nd period - J.T. Miller wins face-off versus Aleksander Barkov in Vancouver Canucks zone.
3:28 of 2nd period - Snap shot by Aleksander Barkov.
3:28 of 2nd period - Goal by Aleksander Barkov - Calgary Flames : 0 - Vancouver Canucks : 1.
3:29 of 2nd period - Clayton Keller wins face-off versus Max Pacioretty in neutral zone.
3:42 of 2nd period - Snap shot by Mikko Rantanen.
3:42 of 2nd period - Deflect By Aleksander Barkov.
3:42 of 2nd period - Shot Misses the Net.
3:42 of 2nd period - Puck is out of play.
3:43 of 2nd period - Aleksander Barkov wins face-off versus J.T. Miller in Calgary Flames zone.
4:17 of 2nd period - Wrist shot by Artturi Lehkonen.
4:17 of 2nd period - Stopped by Thatcher Demko without a rebound.
4:18 of 2nd period - Jesperi Kotkaniemi wins face-off versus Sebastian Aho in Calgary Flames zone.
4:19 of 2nd period - Snap shot by Casey Mittelstadt.
4:19 of 2nd period - Deflect By Jesperi Kotkaniemi.
4:19 of 2nd period - Shot Blocked by Kris Russell.
4:19 of 2nd period - Puck is out of play.
4:20 of 2nd period - Jesperi Kotkaniemi wins face-off versus Sebastian Aho in Calgary Flames zone.
4:21 of 2nd period - Wrist shot by Casey Mittelstadt.
4:21 of 2nd period - Stopped by Thatcher Demko with a rebound.
4:23 of 2nd period - Snap shot by Alex Formenton.
4:23 of 2nd period - Shot Misses the Net.
4:25 of 2nd period - Wrist shot by Nikita Zadorov.
4:25 of 2nd period - Deflect By Alex Formenton.
4:25 of 2nd period - Shot Misses the Net.
4:25 of 2nd period - Puck is out of play.
4:26 of 2nd period - Jesperi Kotkaniemi wins face-off versus Sebastian Aho in Calgary Flames zone.
4:43 of 2nd period - Snap shot by Valeri Nichushkin.
4:43 of 2nd period - Shot Misses the Net.
4:57 of 2nd period - Snap shot by Jesperi Kotkaniemi.
4:57 of 2nd period - Goal by Jesperi Kotkaniemi - Calgary Flames : 0 - Vancouver Canucks : 2.
4:58 of 2nd period - Aleksander Barkov wins face-off versus J.T. Miller in neutral zone.
5:05 of 2nd period - Snap shot by Mikko Rantanen.
5:05 of 2nd period - Stopped by Thatcher Demko without a rebound.
5:06 of 2nd period - Aleksander Barkov wins face-off versus J.T. Miller in Calgary Flames zone.
5:33 of 2nd period - Backhand shot by Clayton Keller.
5:33 of 2nd period - Stopped by Thatcher Demko without a rebound.
5:34 of 2nd period - Logan Couture wins face-off versus Anton Lundell in Calgary Flames zone.
6:06 of 2nd period - Wrist shot by Jesperi Kotkaniemi.
6:06 of 2nd period - Stopped by Thatcher Demko with a rebound.
6:08 of 2nd period - Wrist shot by Noah Hanifin.
6:08 of 2nd period - Deflect By Alex Formenton.
6:08 of 2nd period - Goal by Alex Formenton - Calgary Flames : 0 - Vancouver Canucks : 3.
6:09 of 2nd period - Aleksander Barkov wins face-off versus Logan Couture in neutral zone.
6:11 of 2nd period - Off-side.
6:12 of 2nd period - Clayton Keller wins face-off versus Logan Couture in neutral zone.
6:15 of 2nd period - Mathieu Joseph is hit by Clayton Keller and loses puck.
6:38 of 2nd period - Noah Hanifin is hit by Valeri Nichushkin and loses puck.
6:49 of 2nd period - Snap shot by Sebastian Aho.
6:49 of 2nd period - Shot Misses the Net.
6:51 of 2nd period - Slapshot by Ryan McDonagh.
6:51 of 2nd period - Deflect By Sebastian Aho.
6:51 of 2nd period - Stopped by Joonas Korpisalo with a rebound.
7:09 of 2nd period - Wrist shot by Artturi Lehkonen.
7:09 of 2nd period - Stopped by Thatcher Demko without a rebound.
7:10 of 2nd period - Logan Couture wins face-off versus Jesperi Kotkaniemi in Calgary Flames zone.
7:58 of 2nd period - Wrist shot by Sebastian Aho.
7:58 of 2nd period - Deflect By Valeri Nichushkin.
7:58 of 2nd period - Stopped by Joonas Korpisalo with a rebound.
8:02 of 2nd period - Wrist shot by Sebastian Aho.
8:02 of 2nd period - Deflect By Valeri Nichushkin.
8:02 of 2nd period - Shot Misses the Net.
8:02 of 2nd period - Puck is out of play.
8:03 of 2nd period - Sebastian Aho wins face-off versus Aleksander Barkov in Vancouver Canucks zone.
8:36 of 2nd period - Timo Meier is hit by Anton Lundell and loses puck.
8:59 of 2nd period - Icing by Alex Formenton.
9:00 of 2nd period - Logan Couture wins face-off versus Jesperi Kotkaniemi in Vancouver Canucks zone.
9:03 of 2nd period - Snap shot by Logan Couture.
9:03 of 2nd period - Stopped by Joonas Korpisalo with a rebound.
9:09 of 2nd period - Snap shot by Jesperi Kotkaniemi.
9:09 of 2nd period - Shot Blocked by Ryan Ellis.
9:11 of 2nd period - Slapshot by Jacob Bryson.
9:11 of 2nd period - Shot Misses the Net.
9:13 of 2nd period - Snap shot by Jacob Bryson.
9:13 of 2nd period - Stopped by Thatcher Demko with a rebound.
9:21 of 2nd period - Snap shot by Casey Mittelstadt.
9:21 of 2nd period - Shot Misses the Net.
9:23 of 2nd period - Wrist shot by Alex Formenton.
9:23 of 2nd period - Stopped by Thatcher Demko without a rebound.
9:24 of 2nd period - Aleksander Barkov wins face-off versus Max Pacioretty in Calgary Flames zone.
10:01 of 2nd period - Slapshot by Jeff Petry.
10:01 of 2nd period - Deflect By Artturi Lehkonen.
10:01 of 2nd period - Stopped by Joonas Korpisalo with a rebound.
10:03 of 2nd period - Slapshot by Drew Doughty.
10:03 of 2nd period - Shot Misses the Net.
10:15 of 2nd period - Wrist shot by Joel Eriksson Ek.
10:15 of 2nd period - Shot Hit the Post.
10:51 of 2nd period - Minor Penalty to Nathan Smith for Holding.
10:52 of 2nd period - Anton Lundell wins face-off versus J.T. Miller in Vancouver Canucks zone.
12:17 of 2nd period - Icing by J.T. Miller.
12:18 of 2nd period - Casey Mittelstadt wins face-off versus Valeri Nichushkin in Calgary Flames zone.
12:31 of 2nd period - Wrist shot by Jesperi Kotkaniemi.
12:31 of 2nd period - Stopped by Thatcher Demko with a rebound.
12:51 of 2nd period - Penalty to Nathan Smith is over, Nathan Smith is back on ice.
13:19 of 2nd period - Taylor Raddysh is hit by Sebastian Aho and loses puck.
13:30 of 2nd period - Slapshot by Taylor Raddysh.
13:30 of 2nd period - Shot Misses the Net.
13:32 of 2nd period - Slapshot by Jacob Bryson.
13:32 of 2nd period - Stopped by Thatcher Demko with a rebound.
13:52 of 2nd period - Wrist shot by Artturi Lehkonen.
13:52 of 2nd period - Stopped by Thatcher Demko with a rebound.
13:54 of 2nd period - Slapshot by Adam Boqvist.
13:54 of 2nd period - Stopped by Thatcher Demko without a rebound.
13:55 of 2nd period - Timo Meier wins face-off versus Anton Lundell in Calgary Flames zone.
14:03 of 2nd period - Off-side.
14:04 of 2nd period - Aleksander Barkov wins face-off versus Sebastian Aho in neutral zone.
14:07 of 2nd period - Valeri Nichushkin is hit by Nikita Zadorov and loses puck.
14:57 of 2nd period - Wrist shot by Joel Eriksson Ek.
14:57 of 2nd period - Deflect By Logan Couture.
14:57 of 2nd period - Stopped by Joonas Korpisalo with a rebound.
14:59 of 2nd period - Slapshot by Logan Couture.
14:59 of 2nd period - Shot Misses the Net.
15:51 of 2nd period - Slapshot by Mathieu Joseph.
15:51 of 2nd period - Stopped by Joonas Korpisalo without a rebound.
15:52 of 2nd period - Logan Couture wins face-off versus Anton Lundell in Vancouver Canucks zone.
16:22 of 2nd period - Slapshot by Aleksander Barkov.
16:22 of 2nd period - Stopped by Thatcher Demko without a rebound.
16:23 of 2nd period - J.T. Miller wins face-off versus Aleksander Barkov in Calgary Flames zone.
16:40 of 2nd period - Slapshot by Aleksander Barkov.
16:40 of 2nd period - Stopped by Thatcher Demko with a rebound.
17:23 of 2nd period - Slapshot by Logan Couture.
17:23 of 2nd period - Stopped by Joonas Korpisalo with a rebound.
17:25 of 2nd period - Snap shot by Travis Sanheim.
17:25 of 2nd period - Deflect By Logan Couture.
17:25 of 2nd period - Stopped by Joonas Korpisalo with a rebound.
17:35 of 2nd period - Slapshot by Drew Doughty.
17:35 of 2nd period - Shot Blocked by Olli Maatta.
18:41 of 2nd period - Wrist shot by Joel Eriksson Ek.
18:41 of 2nd period - Goal by Joel Eriksson Ek - Calgary Flames : 1 - Vancouver Canucks : 3.
18:42 of 2nd period - J.T. Miller wins face-off versus Aleksander Barkov in neutral zone.
18:45 of 2nd period - Mikko Rantanen is hit by Timo Meier and loses puck.
19:27 of 2nd period - Kasperi Kapanen is hit by Travis Sanheim and loses puck.
19:49 of 2nd period - Off-side.
19:50 of 2nd period - Mikko Rantanen wins face-off versus Nic Dowd in neutral zone.
19:59 of 2nd period - Snap shot by Mikko Rantanen.
19:59 of 2nd period - Stopped by Thatcher Demko with a rebound.
Goals for this period are 1 for Calgary Flames vs 3 for Vancouver Canucks.
Shots for this period are 14 for Calgary Flames vs 20 for Vancouver Canucks.
3rd period
0:01 of 3rd period - J.T. Miller wins face-off versus Aleksander Barkov in neutral zone.
0:53 of 3rd period - Slapshot by Logan Couture.
0:53 of 3rd period - Stopped by Joonas Korpisalo with a rebound.
1:12 of 3rd period - Wrist shot by Kasperi Kapanen.
1:12 of 3rd period - Shot Misses the Net.
1:14 of 3rd period - Slapshot by Nikita Zadorov.
1:14 of 3rd period - Stopped by Thatcher Demko without a rebound.
1:15 of 3rd period - Nic Dowd wins face-off versus Nathan Smith in Calgary Flames zone.
1:24 of 3rd period - Snap shot by Nic Dowd.
1:24 of 3rd period - Shot Misses the Net.
1:32 of 3rd period - Slapshot by Kasperi Kapanen.
1:32 of 3rd period - Stopped by Thatcher Demko with a rebound.
1:36 of 3rd period - Snap shot by Nathan Smith.
1:36 of 3rd period - Goal by Nathan Smith - Calgary Flames : 1 - Vancouver Canucks : 4.
1:37 of 3rd period - J.T. Miller wins face-off versus Aleksander Barkov in neutral zone.
1:44 of 3rd period - Wrist shot by Timo Meier.
1:44 of 3rd period - Shot Misses the Net.
1:46 of 3rd period - Wrist shot by Max Pacioretty.
1:46 of 3rd period - Deflect By Timo Meier.
1:46 of 3rd period - Stopped by Joonas Korpisalo without a rebound.
1:47 of 3rd period - Aleksander Barkov wins face-off versus J.T. Miller in Vancouver Canucks zone.
2:04 of 3rd period - Wrist shot by Timo Meier.
2:04 of 3rd period - Stopped by Joonas Korpisalo with a rebound.
2:46 of 3rd period - Snap shot by Max Pacioretty.
2:46 of 3rd period - Deflect By J.T. Miller.
2:46 of 3rd period - Stopped by Joonas Korpisalo without a rebound.
2:47 of 3rd period - Sebastian Aho wins face-off versus Anton Lundell in Vancouver Canucks zone.
2:52 of 3rd period - Snap shot by Sebastian Aho.
2:52 of 3rd period - Goal by Sebastian Aho - Calgary Flames : 2 - Vancouver Canucks : 4.
2:53 of 3rd period - Sebastian Aho wins face-off versus Anton Lundell in neutral zone.
3:03 of 3rd period - Snap shot by Sebastian Aho.
3:03 of 3rd period - Stopped by Joonas Korpisalo with a rebound.
3:05 of 3rd period - Wrist shot by Zach Hyman.
3:05 of 3rd period - Deflect By Valeri Nichushkin.
3:05 of 3rd period - Shot Misses the Net.
3:05 of 3rd period - Puck is out of play.
3:06 of 3rd period - Sebastian Aho wins face-off versus Aleksander Barkov in Vancouver Canucks zone.
3:43 of 3rd period - Wrist shot by Anton Lundell.
3:43 of 3rd period - Shot Misses the Net.
3:59 of 3rd period - Snap shot by Casey Mittelstadt.
3:59 of 3rd period - Deflect By Alex Formenton.
3:59 of 3rd period - Shot Misses the Net.
3:59 of 3rd period - Puck is out of play.
4:00 of 3rd period - Sebastian Aho wins face-off versus Aleksander Barkov in Calgary Flames zone.
4:00 of 3rd period - Valeri Nichushkin is hit by Mikko Rantanen.
4:08 of 3rd period - Backhand shot by Valeri Nichushkin.
4:08 of 3rd period - Stopped by Joonas Korpisalo without a rebound.
4:09 of 3rd period - Sebastian Aho wins face-off versus Aleksander Barkov in Vancouver Canucks zone.
4:15 of 3rd period - Minor Penalty to Noah Hanifin for Holding.
4:16 of 3rd period - Joel Eriksson Ek wins face-off versus Anton Lundell in Vancouver Canucks zone.
4:24 of 3rd period - Snap shot by Timo Meier.
4:24 of 3rd period - Shot Hit the Post.
5:02 of 3rd period - Drew Doughty is hit by Aleksander Barkov.
6:15 of 3rd period - Penalty to Noah Hanifin is over, Noah Hanifin is back on ice.
6:24 of 3rd period - Wrist shot by Nic Dowd.
6:24 of 3rd period - Shot Misses the Net.
6:28 of 3rd period - Snap shot by Garnet Hathaway.
6:28 of 3rd period - Goal by Garnet Hathaway - Calgary Flames : 3 - Vancouver Canucks : 4.
6:29 of 3rd period - J.T. Miller wins face-off versus Aleksander Barkov in neutral zone.
6:54 of 3rd period - Travis Sanheim is hit by Artturi Lehkonen and loses puck.
8:01 of 3rd period - Aleksander Barkov is hit by Drew Doughty and loses puck.
8:36 of 3rd period - Minor Penalty to Nikita Zadorov for Unsportsmanlike conduct.
8:37 of 3rd period - Anton Lundell wins face-off versus Joel Eriksson Ek in Vancouver Canucks zone.
8:37 of 3rd period - Anton Lundell is hit by Joel Eriksson Ek.
9:03 of 3rd period - Alex Formenton is hit by Valeri Nichushkin and loses puck.
9:36 of 3rd period - Ryan Ellis is hit by Aleksander Barkov and loses puck.
9:43 of 3rd period - Clayton Keller is hit by J.T. Miller and loses puck.
10:36 of 3rd period - Penalty to Nikita Zadorov is over, Nikita Zadorov is back on ice.
12:00 of 3rd period - Valeri Nichushkin is hit by Taylor Raddysh and loses puck.
12:14 of 3rd period - Off-side.
12:15 of 3rd period - Nic Dowd wins face-off versus Aleksander Barkov in neutral zone.
12:18 of 3rd period - Aleksander Barkov is hit by Nic Dowd and loses puck.
12:25 of 3rd period - Snap shot by Garnet Hathaway.
12:25 of 3rd period - Stopped by Joonas Korpisalo with a rebound.
12:27 of 3rd period - Snap shot by Nic Dowd.
12:27 of 3rd period - Deflect By Aleksander Barkov.
12:27 of 3rd period - Shot Blocked by Miro Heiskanen.
12:27 of 3rd period - Puck is out of play.
12:28 of 3rd period - Anton Lundell wins face-off versus Max Pacioretty in Vancouver Canucks zone.
12:39 of 3rd period - Wrist shot by Anton Lundell.
12:39 of 3rd period - Shot Misses the Net.
12:41 of 3rd period - Slapshot by Artturi Lehkonen.
12:41 of 3rd period - Shot Hit the Post.
12:43 of 3rd period - Wrist shot by Anton Lundell.
12:43 of 3rd period - Shot Misses the Net.
13:26 of 3rd period - Mathieu Joseph is hit by Noah Hanifin and loses puck.
13:46 of 3rd period - Snap shot by J.T. Miller.
13:46 of 3rd period - Shot Misses the Net.
14:38 of 3rd period - Slapshot by Logan Couture.
14:38 of 3rd period - Shot Misses the Net.
14:44 of 3rd period - Slapshot by Logan Couture.
14:44 of 3rd period - Shot Misses the Net.
14:46 of 3rd period - Slapshot by Ryan McDonagh.
14:46 of 3rd period - Shot Misses the Net.
14:48 of 3rd period - Slapshot by Joel Eriksson Ek.
14:48 of 3rd period - Stopped by Joonas Korpisalo without a rebound.
14:49 of 3rd period - Aleksander Barkov wins face-off versus Max Pacioretty in Vancouver Canucks zone.
14:49 of 3rd period - Aleksander Barkov is hit by Ryan Ellis.
15:26 of 3rd period - Snap shot by Sam Lafferty.
15:26 of 3rd period - Shot Misses the Net.
15:28 of 3rd period - Slapshot by Adam Boqvist.
15:28 of 3rd period - Shot Blocked by Jeff Petry.
15:38 of 3rd period - Slapshot by Drew Doughty.
15:38 of 3rd period - Stopped by Joonas Korpisalo without a rebound.
15:39 of 3rd period - Jesperi Kotkaniemi wins face-off versus Logan Couture in Vancouver Canucks zone.
16:04 of 3rd period - Mikko Rantanen is hit by Valeri Nichushkin and loses puck.
16:11 of 3rd period - Wrist shot by Nikita Zadorov.
16:11 of 3rd period - Stopped by Thatcher Demko with a rebound.
16:28 of 3rd period - Nic Dowd is hit by Sam Lafferty and loses puck.
16:34 of 3rd period - Minor Penalty to Ryan Ellis for Roughing.
16:35 of 3rd period - Aleksander Barkov wins face-off versus Logan Couture in Calgary Flames zone.
16:39 of 3rd period - Wrist shot by Mikko Rantanen.
16:39 of 3rd period - Shot Misses the Net.
16:41 of 3rd period - Slapshot by Adam Boqvist.
16:41 of 3rd period - Deflect By Logan Couture.
16:41 of 3rd period - Stopped by Thatcher Demko without a rebound.
16:42 of 3rd period - Logan Couture wins face-off versus Aleksander Barkov in Calgary Flames zone.
16:46 of 3rd period - Off-side.
16:47 of 3rd period - Aleksander Barkov wins face-off versus Logan Couture in neutral zone.
16:59 of 3rd period - Jeff Petry is hit by Clayton Keller and loses puck.
17:32 of 3rd period - Off-side.
17:33 of 3rd period - Sebastian Aho wins face-off versus Aleksander Barkov in neutral zone.
17:36 of 3rd period - Olli Maatta is hit by Mathieu Joseph.
18:10 of 3rd period - Snap shot by Anton Lundell.
18:10 of 3rd period - Stopped by Thatcher Demko without a rebound.
18:11 of 3rd period - Logan Couture wins face-off versus Anton Lundell in Calgary Flames zone.
18:34 of 3rd period - Penalty to Ryan Ellis is over, Ryan Ellis is back on ice.
18:46 of 3rd period - Backhand shot by Ryan Ellis.
18:46 of 3rd period - Stopped by Joonas Korpisalo without a rebound.
18:47 of 3rd period - Bruce Boudreau call a timeout for Calgary Flames.
18:47 of 3rd period - J.T. Miller wins face-off versus Anton Lundell in Vancouver Canucks zone.
19:01 of 3rd period - Minor Penalty to Alex Formenton for Tripping.
19:02 of 3rd period - Anton Lundell wins face-off versus Joel Eriksson Ek in Vancouver Canucks zone.
19:02 of 3rd period - Anton Lundell is hit by Joel Eriksson Ek.
19:11 of 3rd period - Aleksander Barkov is hit by Timo Meier and loses puck.
19:14 of 3rd period - Calgary Flames, Thatcher Demko is pulled from the net.
19:38 of 3rd period - Snap shot by Valeri Nichushkin.
19:38 of 3rd period - Shot Blocked by Olli Maatta.
19:40 of 3rd period - Snap shot by Jeff Petry.
19:40 of 3rd period - Goal by Jeff Petry - Calgary Flames : 4 - Vancouver Canucks : 4.
19:40 of 3rd period - Thatcher Demko from Calgary Flames was sent back in the game.
19:41 of 3rd period - Logan Couture wins face-off versus Jesperi Kotkaniemi in neutral zone.
Goals for this period are 3 for Calgary Flames vs 1 for Vancouver Canucks.
Shots for this period are 13 for Calgary Flames vs 6 for Vancouver Canucks.
Overtime #1
0:01 of 1st overtime period - Joel Eriksson Ek wins face-off versus Aleksander Barkov in neutral zone.
0:04 of 1st overtime period - Snap shot by Jeff Petry.
0:04 of 1st overtime period - Shot Misses the Net.
0:20 of 1st overtime period - Drew Doughty is hit by Aleksander Barkov and loses puck.
0:47 of 1st overtime period - Slapshot by Clayton Keller.
0:47 of 1st overtime period - Stopped by Thatcher Demko with a rebound.
0:49 of 1st overtime period - Snap shot by Clayton Keller.
0:49 of 1st overtime period - Stopped by Thatcher Demko without a rebound.
0:50 of 1st overtime period - Aleksander Barkov wins face-off versus Joel Eriksson Ek in Calgary Flames zone.
1:17 of 1st overtime period - Miro Heiskanen is hit by Timo Meier and loses puck.
1:26 of 1st overtime period - Snap shot by Drew Doughty.
1:26 of 1st overtime period - Stopped by Joonas Korpisalo without a rebound.
1:27 of 1st overtime period - Joel Eriksson Ek wins face-off versus Clayton Keller in Vancouver Canucks zone.
2:02 of 1st overtime period - Wrist shot by Logan Couture.
2:02 of 1st overtime period - Shot Blocked by Mikko Rantanen.
2:13 of 1st overtime period - Icing by Aleksander Barkov.
2:14 of 1st overtime period - Aleksander Barkov wins face-off versus Joel Eriksson Ek in Vancouver Canucks zone.
2:14 of 1st overtime period - Aleksander Barkov is hit by Jeff Petry.
2:40 of 1st overtime period - Snap shot by Timo Meier.
2:40 of 1st overtime period - Stopped by Joonas Korpisalo with a rebound.
2:42 of 1st overtime period - Slapshot by Jeff Petry.
2:42 of 1st overtime period - Goal by Jeff Petry - Calgary Flames : 5 - Vancouver Canucks : 4.
Goals for this period are 1 for Calgary Flames vs 0 for Vancouver Canucks.
Shots for this period are 3 for Calgary Flames vs 2 for Vancouver Canucks.
Back to the Top